cohdb
Replays
Latest Replays
All Replays
Popular Replays
Top Player Replays
Match Explorer
How It Works
Community
CoH3 Stats
Reddit
Sign in to upload your games and track your stats! →
Sign in with Steam
Match 44593474
Unlisted
Match 44593474
Overview
Messages
Build Orders
End
Selects Terror Battlegroup
Selects Machine Gun Camouflage
Construct Infanterie Kompanie
Kettenkrad Recon Vehicle
MG 42 Machine Gun Team
MG 42 Machine Gun Team
Infanterie Officer Quarters
Pioneer Squad
Construct Panzergrenadier Kompanie
Support Elements
StuG III G Assault Gun
MG 42 Bunker
Panzergrenadier Officer Quarters
Selects Defend the Fatherland
Medical Station
diabolic
Joraad
Danko312
rapidtruck
Trans Rights r Human Rights
nadiadutiful03986
bastian_v228
幺坤儿
0
0
Comments
sign in to comment!
No comments posted yet!